 Dungeon Crawl Stone Soup version 0.30-a0-1124-g6e8f0f562f (webtiles) character file.

Game seed: 201891847425186767

9 Sobieck the Ruffian (level 2, 0/34 HPs)
             Began as a Draconian Transmuter on Apr 23, 2023.
             Succumbed to a goblin's poison
             ... on level 1 of the Dungeon.
             The game lasted 00:00:51 (289 turns).

Sobieck the Ruffian (Draconian Transmuter)           Turns: 289, Time: 00:00:51

Health: 0/34       AC: 21    Str: 12    XL:     2   Next: 3%
Magic:  5/5        EV:  2    Int: 13    God:
Gold:   18         SH:  0    Dex: 11    Spells: 4/5 levels left

rFire   . .          .
                       - Unarmed
rCold   . . .        (no shield)
rNeg    . . .        (body armour unavailable)
rPois   +            (helmet currently unavailable)
rElec   .            (cloak currently unavailable)
rCorr   .            (gloves currently unavailable)
SInv    .            (boots currently unavailable)
Will    .....        (no amulet)
Stlth   ++           (no ring)
HPRegen 0.25/turn    (no ring)
MPRegen 0.09/turn

%: no passive effects
@: lethally poisoned (0 -> -1), tree-form
A: stationary, stasis, torment immunity, boosted hp, AC +4, unfitting armour,
(cold-blooded)
a: no special abilities


You were on level 1 of the Dungeon.
You were a tree.
You visited 1 branch of the dungeon, and saw 1 of its levels.

You collected 18 gold pieces.


Innate Abilities, Weirdness & Mutations

You are a tree.
Your roots penetrate the ground, keeping you stationary.
You cannot be teleported.
You are immune to unholy pain and torment.
Your maximum health is greatly increased.
Your equipment is partially melded.
((Your plain brown scales are hard. (AC +4)))
You cannot fit into any form of body armour.
((You are cold-blooded and may be slowed by cold attacks.))


   Skills:
 - Level 1.1 Fighting
 - Level 1.7 Dodging
 + Level 1.7 Stealth
 - Level 3.0 Unarmed Combat
 - Level 2.0 Spellcasting
 - Level 2.0 Transmutations


You had 4 spell levels left.
You knew the following spells:

 Your Spells              Type           Power      Damage    Failure   Level
a - Beastly Appendage     Tmut           12%        N/A       11%         1

Your spell library contained the following spells:

 Spells                   Type           Power      Damage    Failure   Level
 Wereblood                Tmut           6%         N/A       17%         2
 Spider Form              Tmut/Pois      3%         N/A       45%         3
 Ice Form                 Ice/Tmut       3%         N/A       86%         4

Inventory:

Missiles
 b - 3 boomerangs {throwing}

Dungeon Overview and Level Annotations

Branches:
Dungeon (1/15) Zot: 5712

Altars:

# ### #. ### ###.. #..
#.. ..#.# #... #.# #.#.#
#....####.# #.#.#
#....'..#.# #.#.#
$#....##♣#.###.#.#####.
......).................
.##.####.#.............#
#.#.#.##..#######
..#.............#
########.#........#
.........#........
........#.........
...####.##.##.######


There were no monsters in sight!


Message History

Your transformation is almost over.
Your horns disappear.
Your talons disappear.
b - 3 boomerangs {throwing}
Found a stone staircase leading down.
Unknown command.
Found an escape hatch in the floor.
Unknown command.
You now have 1 gold piece.
You now have 18 gold pieces (gained 17).
An endoplasm comes into view.
Danger!
You grow a pair of large bovine horns.
Your feet morph into talons.
The helpless endoplasm fails to defend itself.
You hit the endoplasm but do no damage.
The endoplasm hits you but does no damage.
You hit the endoplasm but do no damage. Your kick misses the endoplasm.
Your transformation is almost over.
The endoplasm freezes you.
You are frozen.
You completely miss the endoplasm. You claw the endoplasm.
The endoplasm closely misses you.
You hit the endoplasm.
You kill the endoplasm!
Your Stealth skill increases to level 1!
No target in view!
Your horns disappear.
Your talons disappear.
A kobold comes into view. It is wielding a +0 club.
The kobold shouts!
Danger!
A goblin comes into view. It is wielding a +0 club.
A goblin comes into view. It is wielding a +1 dagger of venom.
You grow a pair of large bovine horns.
Your feet morph into talons.
The goblin shouts! x2
You closely miss the kobold.
A quokka comes into view.
The kobold barely misses you.
You barely miss the kobold. You claw the kobold. The kobold barely misses you.
You hit the kobold but do no damage. Your kick misses the kobold.
The kobold hits you but does no damage.
You hit the kobold. You claw the kobold.
You kill the kobold!
Your transformation is almost over.
The goblin hits you but does no damage.
You hit the goblin. You claw the goblin.
You kill the goblin!
The goblin hits you but does no damage.
You are poisoned.
You closely miss the quokka. Your kick misses the quokka.
You feel sick.
The quokka bites you but does no damage.
The goblin hits you but does no damage.
You are lethally poisoned!
You hit the goblin. You headbutt the goblin.
You kill the goblin!
You feel very sick. The quokka completely misses you.
The quokka attacks as you move away! The quokka closely misses you.
* * * LOW HITPOINT WARNING * * *
You feel very sick. The quokka bites you.
* * * LOW HITPOINT WARNING * * *
You see here a +1 dagger of venom {short}.
Unknown command.
Unknown command.
Really quaff
a - a potion of lignification {!q}?
Really quaff the potion of lignification?
Your horns disappear.
Your talons disappear.
You turn into a tree.
Your roots penetrate the ground.
* * * LOW HITPOINT WARNING * * *
You feel sick.
The quokka bites you but does no damage.
Unknown command.
Unknown command.
You hit the quokka.
* * * LOW HITPOINT WARNING * * *
You feel sick.
The quokka bites you but does no damage.
Unknown command.
You closely miss the quokka.
* * * LOW HITPOINT WARNING * * *
You feel sick.
The quokka bites you but does no damage.
Unknown command.
You hit the quokka.
You kill the quokka!
* * * LOW HITPOINT WARNING * * *
You feel sick.
You have reached level 2!
There is a lethal amount of poison in your body!
Unknown command.
Unknown command.
* * * LOW HITPOINT WARNING * * *
You feel sick.
Unknown command.
* * * LOW HITPOINT WARNING * * *
You feel sick.
Unknown command.
* * * LOW HITPOINT WARNING * * *
You feel sick.
Unknown command.
You die...

Skill      XL: |  1 |
---------------+----+-----
Stealth        | 1 |  1.7
Fighting       | |  1.1
Dodging        | |  1.7
Unarmed Combat | |  3.0
Spellcasting   | |  2.0
Transmutations | |  2.0

Action                     || total
---------------------------++-------
  Melee: Unarmed           ||    21
         Kick              ||     4
         Tailslap          ||     2
         Headbutt          ||     1
   Cast: Beastly Appendage ||     3
    Use: Potion            ||     1
   Stab: Sleeping          ||     1
 Armour: Skin              ||    11
  Dodge: Dodged            ||     9

Levels and vault maps discovered:
D:1:      lightli_arrival_statue_moat, layout_basic

Notes
Turn   | Place    | Note
-------+----------+-------------------------------------------
     0 | D:1      | Sobieck the Draconian Transmuter began the quest for the
                  | Orb.
     0 | D:1      | Reached XP level 1. HP: 16/16 MP: 3/3
   244 | D:1      | Reached skill level 1 in Stealth
   283 | D:1      | HP: 5/24 [poisoned by a goblin]
   285 | D:1      | HP: 2/24 [poisoned by a goblin]
   286 | D:1      | Reached XP level 2. HP: 3/23 MP: 5/5
   289 | D:1      | Succumbed to a goblin's poison

Vanquished Creatures
  2 endoplasms (D:1)
  A kobold (D:1)
  2 quokkas (D:1)
  2 goblins (D:1)
7 creatures vanquished.

Table legend:
 A = Non-vault XP
 B = Vault XP
 C = Vault XP percentage of total XP
 D = Non-vault monster count
 E = Vault monster count
 F = Vault count percentage of total count
                 A         B        C        D         E       F
            +---------+---------+-------+---------+---------+-------
      Total |      13 |       0 |   0.0 |       7 |       0 |   0.0
            +---------+---------+-------+---------+---------+-------
        D:1 |      13 |       0 |   0.0 |       7 |       0 |   0.0
            +---------+---------+-------+---------+---------+-------

Illustrated notes

Table legend:
 A = Kills in this place as a percentage of kills in the entire game.
 B = Kills by you in this place as a percentage of kills by you in the entire game.
 C = Kills by friends in this place as a percentage of kills by friends in the entire game.
 D = Other kills in this place as a percentage of other kills in the entire game.
 E = Experience gained in this place as a percentage of experience gained in the entire game.
 F = Experience gained in this place divided by the number of levels of this place that you have seen.
                   A       B       C       D       E      F
               +-------+-------+-------+-------+-------+----------------------
         Total | 100.0 | 100.0 |   N/A |   N/A | 100.0 |  13.0
       Dungeon | 100.0 | 100.0 |   N/A |   N/A | 100.0 |  13.0
               +-------+-------+-------+-------+-------+----------------------

Table legend: (Time is in decaauts)
 A = Elapsed time spent in this place.
 B = Non-inter-level travel time spent in this place.
 C = Inter-level travel time spent in this place.
 D = Time resting spent in this place.
 E = Time spent auto-exploring this place.
 F = Levels seen in this place.
 G = Mean time per level.
                   A        B        C        D        E       F      G
               +--------+--------+--------+--------+--------+-----+--------+
         Total |    287 |    287 |      0 |      0 |    245 |   1 |  287.0 |
       Dungeon |    287 |    287 |      0 |      0 |    245 |   1 |  287.0 |
               +--------+--------+--------+--------+--------+-----+--------+

Top non-repeatable levels by time:
     D:1: 287 daAuts
